Connexion

Palm Springs Eager vs Checkers

Created - 15 mars 2024 at 05:44

Goals
1 2 3 T
Palm Springs Eager 2 2 1 5
Checkers 1 0 2 3
Shots
1 2 3 T
Palm Springs Eager 19 9 8 36
Checkers 14 17 12 43

GoalsPenalties
1st period
1. Checkers , Andy Andreoff 27 (Riley Barber 43, Brett Sutter 39) at 12:34
2. Palm Springs Eager , Nico Sturm 27 (Ryan Graves 45, Saku Maenalanen 37) at 15:01
3. Palm Springs Eager , Jonathan Toews 35 (Rocco Grimaldi 31) at 15:20
Mike Hardman (SEA) for Slashing (Minor) at 1:09
Scott Reedy (SEA) for Tripping (Minor) at 5:29
Jaynen Rissling (CHA) for Fighting (Major) at 13:22
Colin Miller (SEA) for Fighting (Major) at 13:22
Michael Vukojevic (CHA) for Hooking (Minor) at 18:14
2nd period
4. Palm Springs Eager , Ryan Graves 15 (Nico Sturm 39, Saku Maenalanen 38) at 5:55
5. Palm Springs Eager , Rocco Grimaldi 13 (Steven Lorentz 48, Jonathan Toews 45) at 17:00
Vili Saarijarvi (SEA) for Interference (Minor) at 7:25
Radko Gudas (SEA) for Slashing (Minor) at 11:25
Vinni Lettieri (CHA) for Interference (Minor) at 17:19
3rd period
6. Palm Springs Eager , Rocco Grimaldi 14 (Jonathan Toews 46) at 0:04
7. Checkers , Riley Barber 31 (Andy Andreoff 48, Brett Sutter 40) at 15:50 (PP)
8. Checkers , Michael Vukojevic 14 (Jackson Blake 31, Richards Bukarts 8) at 15:56
Jonathan Toews (SEA) for Roughing (Double Minor) at 6:45
Rocco Grimaldi (SEA) for High sticking (Minor) at 15:28
Michael Vukojevic (CHA) for Delaying the game (Minor) at 16:05
Steven Lorentz (SEA) for Hooking (Minor) at 16:40
Goalie Stats
Joseph Woll (SEA), 40 saves from 43 shots - (0,930), W, 13-7-4, 60:00 minutes
Jake Kielly (CHA), 31 saves from 36 shots - (0,861), L, 31-33-9, 60:00 minutes
3 StarsOfficial
1 - Ryan Graves (SEA)
2 - Rocco Grimaldi (SEA)
3 - Jonathan Toews (SEA)
Referees : Marcus Vinnerberg and Chris Ciamaga
Linesman : Jay Sharrers and Jonny Murray
Game Note
Jaynen Rissling and Colin Miller fight to a draw at 13:22 of 1st period
Finance
Level 1 -- Attendance: 1257 (62,85%) -- Ticket Income $56,565
Level 2 -- Attendance: 590 (59,00%) -- Ticket Income $14,750
Total Attendance: 1847 (61,57%)
Total Ticket Income: $71,315
Other Income: $14,263
Total Income: $85,578



Team Name Goals Shots Shots Attemp Shots Blocked PIM HIT PP PK FO%
Palm Springs Eager 536671621210 / 3 (0%)147%
Checkers 34392711291 / 8 (13%)053%

Palm Springs Eager
Player Name POS G A P +/- PIM HIT SHT SB MP PP MP PP SHT PK MP PK SHT FO% FOT
Alexander CampbellC/LW000001308:170:0000:2000% 0
Colin MillerD0002530124:231:4806:4200% 0
Dmitry OvchinnikovLW000000009:030:0000:0000% 0
Gavin BayreutherD0001002422:312:4516:1000% 0
Jonathan ToewsC1232433222:132:4005:10053% 36
Lias AnderssonC000000119:140:0000:00017% 6
Mike HardmanC/LW/RW0001202013:300:5511:25052% 21
Nico SturmC/LW1121003017:401:5304:470100% 2
Nikita NesterenkoC/LW/RW000003007:570:0000:0000% 1
Radko GudasD0000220219:592:0705:1900% 0
Riley DuranC000000107:570:0000:00044% 9
Rocco GrimaldiC/RW2132205221:253:3804:37038% 8
Ryan GravesD1123034427:182:2626:4200% 0
Saku MaenalanenC/LW/RW0221002016:351:5312:29040% 5
Scott MayfieldD0000032013:360:0000:5100% 0
Scott ReedyC000022409:020:0000:0000% 0
Steven LorentzC/LW0112214022:462:3916:56040% 5
Vili SaarijarviD0000200012:100:0000:0000% 0
Checkers
Player Name POS G A P +/- PIM HIT SHT SB MP PP MP PP SHT PK MP PK SHT FO% FOT
Aarne TalvitieC000-100106:330:0001:04029% 7
Andy AndreoffC/LW1120043019:577:0611:04047% 30
Ben HuttonD000-2007325:486:1032:3900% 0
Brett SutterC/LW0220014018:587:1120:000100% 2
Demetrios KoumontzisD0000000115:360:1300:2600% 0
Jackson BlakeRW0110020013:250:0000:00067% 3
Jaynen RisslingD0000531017:216:2911:2800% 0
John SchiavoRW000-100001:360:1800:0000% 0
Joshua Ho-SangRW000-2013016:555:2800:250100% 3
Max CrozierD000-2023119:516:2921:5400% 0
Michael VukojevicD1010461115:330:1300:0000% 0
Miles WoodLW000-2054020:375:3933:3600% 0
Petrus PalmuRW000-100005:310:0200:0000% 0
Reese JohnsonC0000031013:500:0200:23080% 10
Richards BukartsLW0110000013:250:0000:00050% 2
Riley BarberRW11200111019:557:1150:2500% 0
Troy StecherD000-2011125:486:1012:3900% 0
Vinni LettieriC000-2203023:205:3922:09047% 36



Play-by-Play

1st period


0:01 of 1st period - Rocco Grimaldi wins face-off versus Vinni Lettieri in neutral zone.
0:25 of 1st period - Ryan Graves is hit by Joshua Ho-Sang and loses puck.
0:32 of 1st period - Shot by Ben Hutton.
0:32 of 1st period - Stopped by Joseph Woll with a rebound.
0:40 of 1st period - Shot by Rocco Grimaldi.
0:40 of 1st period - Stopped by Jake Kielly with a rebound.
0:42 of 1st period - Shot by Steven Lorentz.
0:42 of 1st period - Stopped by Jake Kielly with a rebound.
0:44 of 1st period - Shot by Steven Lorentz.
0:44 of 1st period - Shot Misses the Net.
0:55 of 1st period - Saku Maenalanen is hit by Troy Stecher and loses puck.
1:09 of 1st period - Minor Penalty to Mike Hardman for Slashing.
1:10 of 1st period - Jonathan Toews wins face-off versus Andy Andreoff in Palm Springs Eager zone.
1:27 of 1st period - Shot by Brett Sutter.
1:27 of 1st period - Shot Blocked by Radko Gudas.
1:29 of 1st period - Shot by Jaynen Rissling.
1:29 of 1st period - Stopped by Joseph Woll without a rebound.
1:30 of 1st period - Rocco Grimaldi wins face-off versus Andy Andreoff in Palm Springs Eager zone.
1:30 of 1st period - Rocco Grimaldi is hit by Andy Andreoff.
1:42 of 1st period - Nico Sturm is hit by Andy Andreoff and loses puck.
2:54 of 1st period - Shot by Vinni Lettieri.
2:54 of 1st period - Stopped by Joseph Woll with a rebound.
3:18 of 1st period - Shot by Jackson Blake.
3:18 of 1st period - Shot Misses the Net.
3:26 of 1st period - Shot by Scott Reedy.
3:26 of 1st period - Stopped by Jake Kielly with a rebound.
3:28 of 1st period - Shot by Scott Mayfield.
3:28 of 1st period - Stopped by Jake Kielly without a rebound.
3:29 of 1st period - Aarne Talvitie wins face-off versus Riley Duran in Checkers zone.
3:29 of 1st period - Aarne Talvitie is hit by Nikita Nesterenko.
3:39 of 1st period - Shot by Vinni Lettieri.
3:39 of 1st period - Stopped by Joseph Woll without a rebound.
3:40 of 1st period - Reese Johnson wins face-off versus Mike Hardman in Palm Springs Eager zone.
3:46 of 1st period - Icing by Radko Gudas.
3:47 of 1st period - Nico Sturm wins face-off versus Reese Johnson in Palm Springs Eager zone.
4:24 of 1st period - Icing by Michael Vukojevic.
4:25 of 1st period - Jackson Blake wins face-off versus Jonathan Toews in Checkers zone.
5:29 of 1st period - Minor Penalty to Scott Reedy for Tripping.
5:30 of 1st period - Vinni Lettieri wins face-off versus Jonathan Toews in Palm Springs Eager zone.
5:31 of 1st period - Shot by Ben Hutton.
5:31 of 1st period - Stopped by Joseph Woll with a rebound.
5:33 of 1st period - Shot by Troy Stecher.
5:33 of 1st period - Shot Misses the Net.
5:35 of 1st period - Shot by Troy Stecher.
5:35 of 1st period - Stopped by Joseph Woll with a rebound.
5:37 of 1st period - Shot by Joshua Ho-Sang.
5:37 of 1st period - Deflect By Miles Wood.
5:37 of 1st period - Stopped by Joseph Woll without a rebound.
5:38 of 1st period - Vinni Lettieri wins face-off versus Jonathan Toews in Palm Springs Eager zone.
6:00 of 1st period - Shot by Troy Stecher.
6:00 of 1st period - Shot Misses the Net.
6:02 of 1st period - Shot by Miles Wood.
6:02 of 1st period - Stopped by Joseph Woll without a rebound.
6:03 of 1st period - Andy Andreoff wins face-off versus Rocco Grimaldi in Palm Springs Eager zone.
6:39 of 1st period - Icing by Max Crozier.
6:40 of 1st period - Andy Andreoff wins face-off versus Rocco Grimaldi in Checkers zone.
7:26 of 1st period - Shot by Miles Wood.
7:26 of 1st period - Shot Misses the Net.
7:28 of 1st period - Shot by Joshua Ho-Sang.
7:28 of 1st period - Shot Misses the Net.
7:46 of 1st period - Petrus Palmu is hit by Scott Reedy and loses puck.
7:51 of 1st period - Shot by Scott Reedy.
7:51 of 1st period - Shot Misses the Net.
7:53 of 1st period - Shot by Scott Mayfield.
7:53 of 1st period - Stopped by Jake Kielly with a rebound.
7:55 of 1st period - Shot by Lias Andersson.
7:55 of 1st period - Shot Blocked by Ben Hutton.
7:57 of 1st period - Shot by Scott Reedy.
7:57 of 1st period - Shot Misses the Net.
9:21 of 1st period - Shot by Mike Hardman.
9:21 of 1st period - Stopped by Jake Kielly with a rebound.
10:11 of 1st period - Shot by Riley Barber.
10:11 of 1st period - Stopped by Joseph Woll without a rebound.
10:12 of 1st period - Andy Andreoff wins face-off versus Lias Andersson in Palm Springs Eager zone.
10:47 of 1st period - Shot by Riley Barber.
10:47 of 1st period - Deflect By Brett Sutter.
10:47 of 1st period - Shot Blocked by Gavin Bayreuther.
10:49 of 1st period - Shot by Brett Sutter.
10:49 of 1st period - Shot Misses the Net.
10:51 of 1st period - Shot by Brett Sutter.
10:51 of 1st period - Stopped by Joseph Woll without a rebound.
10:52 of 1st period - Joshua Ho-Sang wins face-off versus Jonathan Toews in Palm Springs Eager zone.
10:55 of 1st period - Shot by Joshua Ho-Sang.
10:55 of 1st period - Shot Misses the Net.
11:09 of 1st period - Shot by Miles Wood.
11:09 of 1st period - Shot Blocked by Rocco Grimaldi.
11:11 of 1st period - Shot by Ben Hutton.
11:11 of 1st period - Stopped by Joseph Woll without a rebound.
11:12 of 1st period - Andy Andreoff wins face-off versus Mike Hardman in Palm Springs Eager zone.
11:23 of 1st period - Shot by Brett Sutter.
11:23 of 1st period - Stopped by Joseph Woll without a rebound.
11:24 of 1st period - Steven Lorentz wins face-off versus Vinni Lettieri in Palm Springs Eager zone.
11:28 of 1st period - Icing by Jonathan Toews.
11:29 of 1st period - Vinni Lettieri wins face-off versus Jonathan Toews in Palm Springs Eager zone.
11:35 of 1st period - Off-side.
11:36 of 1st period - Jonathan Toews wins face-off versus Andy Andreoff in neutral zone.
11:45 of 1st period - Shot by Rocco Grimaldi.
11:45 of 1st period - Stopped by Jake Kielly without a rebound.
11:46 of 1st period - Mike Hardman wins face-off versus Vinni Lettieri in Checkers zone.
12:00 of 1st period - Joshua Ho-Sang is hit by Colin Miller and loses puck.
12:05 of 1st period - Shot by Joshua Ho-Sang.
12:05 of 1st period - Shot Misses the Net.
12:07 of 1st period - Shot by Ben Hutton.
12:07 of 1st period - Stopped by Joseph Woll without a rebound.
12:08 of 1st period - Jonathan Toews wins face-off versus Andy Andreoff in Palm Springs Eager zone.
12:10 of 1st period - Icing by Rocco Grimaldi.
12:11 of 1st period - Andy Andreoff wins face-off versus Steven Lorentz in Palm Springs Eager zone.
12:22 of 1st period - Shot by Brett Sutter.
12:22 of 1st period - Shot Misses the Net.
12:24 of 1st period - Shot by Andy Andreoff.
12:24 of 1st period - Shot Misses the Net.
12:26 of 1st period - Shot by Andy Andreoff.
12:26 of 1st period - Shot Blocked by Jonathan Toews.
12:28 of 1st period - Shot by Brett Sutter.
12:28 of 1st period - Shot Misses the Net.
12:30 of 1st period - Shot by Andy Andreoff.
12:30 of 1st period - Shot Hit the Post.
12:32 of 1st period - Shot by Brett Sutter.
12:32 of 1st period - Deflect By Riley Barber.
12:32 of 1st period - Shot Blocked by Gavin Bayreuther.
12:34 of 1st period - Shot by Andy Andreoff.
12:34 of 1st period - Goal by Andy Andreoff - Palm Springs Eager : 0 - Checkers : 1.
12:35 of 1st period - Vinni Lettieri wins face-off versus Mike Hardman in neutral zone.
13:05 of 1st period - Icing by Colin Miller.
13:06 of 1st period - Nico Sturm wins face-off versus Andy Andreoff in Palm Springs Eager zone.
13:22 of 1st period - Jaynen Rissling and Colin Miller fight to a draw.
13:22 of 1st period - Penalty to Jaynen Rissling for Fighting.
13:22 of 1st period - Penalty to Colin Miller for Fighting.
13:23 of 1st period - Jonathan Toews wins face-off versus Richards Bukarts in Palm Springs Eager zone.
13:57 of 1st period - Shot by Jonathan Toews.
13:57 of 1st period - Shot Misses the Net.
13:59 of 1st period - Shot by Radko Gudas.
13:59 of 1st period - Shot Misses the Net.
14:01 of 1st period - Shot by Steven Lorentz.
14:01 of 1st period - Shot Misses the Net.
14:03 of 1st period - Shot by Jonathan Toews.
14:03 of 1st period - Shot Blocked by Ben Hutton.
14:05 of 1st period - Shot by Jonathan Toews.
14:05 of 1st period - Shot Misses the Net.
14:18 of 1st period - Icing by Troy Stecher.
14:19 of 1st period - Reese Johnson wins face-off versus Riley Duran in Checkers zone.
14:19 of 1st period - Reese Johnson is hit by Nikita Nesterenko.
14:43 of 1st period - Shot by Riley Duran.
14:43 of 1st period - Stopped by Jake Kielly with a rebound.
14:45 of 1st period - Shot by Alexander Campbell.
14:45 of 1st period - Stopped by Jake Kielly with a rebound.
14:47 of 1st period - Shot by Ryan Graves.
14:47 of 1st period - Stopped by Jake Kielly without a rebound.
14:48 of 1st period - Andy Andreoff wins face-off versus Mike Hardman in Checkers zone.
14:59 of 1st period - Shot by Nico Sturm.
14:59 of 1st period - Shot Misses the Net.
15:01 of 1st period - Shot by Nico Sturm.
15:01 of 1st period - Goal by Nico Sturm - Palm Springs Eager : 1 - Checkers : 1.
15:02 of 1st period - Vinni Lettieri wins face-off versus Jonathan Toews in neutral zone.
15:05 of 1st period - Steven Lorentz is hit by Miles Wood and loses puck.
15:20 of 1st period - Shot by Jonathan Toews.
15:20 of 1st period - Goal by Jonathan Toews - Palm Springs Eager : 2 - Checkers : 1.
15:21 of 1st period - Brett Sutter wins face-off versus Mike Hardman in neutral zone.
15:47 of 1st period - Brett Sutter is hit by Ryan Graves and loses puck.
15:52 of 1st period - Shot by Troy Stecher.
15:52 of 1st period - Shot Misses the Net.
15:54 of 1st period - Shot by Andy Andreoff.
15:54 of 1st period - Shot Blocked by Ryan Graves.
16:58 of 1st period - Shot by Max Crozier.
16:58 of 1st period - Shot Misses the Net.
17:06 of 1st period - Shot by Lias Andersson.
17:06 of 1st period - Shot Blocked by Michael Vukojevic.
17:10 of 1st period - Shot by Lias Andersson.
17:10 of 1st period - Stopped by Jake Kielly without a rebound.
17:11 of 1st period - Riley Duran wins face-off versus Jackson Blake in Checkers zone.
17:12 of 1st period - Shot by Gavin Bayreuther.
17:12 of 1st period - Shot Misses the Net.
17:14 of 1st period - Shot by Alexander Campbell.
17:14 of 1st period - Stopped by Jake Kielly without a rebound.
17:15 of 1st period - Richards Bukarts wins face-off versus Nikita Nesterenko in Checkers zone.
17:15 of 1st period - Reese Johnson is hit by Alexander Campbell and loses puck.
17:37 of 1st period - Nikita Nesterenko is hit by Max Crozier and loses puck.
17:40 of 1st period - Shot by Gavin Bayreuther.
17:40 of 1st period - Stopped by Jake Kielly without a rebound.
17:41 of 1st period - Jonathan Toews wins face-off versus Aarne Talvitie in Checkers zone.
17:45 of 1st period - Icing by Vinni Lettieri.
17:46 of 1st period - Jonathan Toews wins face-off versus Aarne Talvitie in Checkers zone.
18:07 of 1st period - Shot by Steven Lorentz.
18:07 of 1st period - Shot Blocked by Ben Hutton.
18:09 of 1st period - Shot by Steven Lorentz.
18:09 of 1st period - Stopped by Jake Kielly without a rebound.
18:10 of 1st period - Mike Hardman wins face-off versus Andy Andreoff in Checkers zone.
18:14 of 1st period - Minor Penalty to Michael Vukojevic for Hooking.
18:15 of 1st period - Rocco Grimaldi wins face-off versus Vinni Lettieri in Checkers zone.
18:20 of 1st period - Shot by Rocco Grimaldi.
18:20 of 1st period - Shot Misses the Net.
18:22 of 1st period - Shot by Ryan Graves.
18:22 of 1st period - Stopped by Jake Kielly with a rebound.
18:52 of 1st period - Shot by Ryan Graves.
18:52 of 1st period - Stopped by Jake Kielly without a rebound.
18:53 of 1st period - Vinni Lettieri wins face-off versus Jonathan Toews in Checkers zone.
19:33 of 1st period - Off-side.
19:34 of 1st period - Joshua Ho-Sang wins face-off versus Mike Hardman in neutral zone.
19:40 of 1st period - Icing by Nico Sturm.
19:41 of 1st period - Mike Hardman wins face-off versus Vinni Lettieri in Palm Springs Eager zone.
19:52 of 1st period - Shot by Mike Hardman.
19:52 of 1st period - Stopped by Jake Kielly without a rebound.
19:53 of 1st period - Joshua Ho-Sang wins face-off versus Steven Lorentz in Checkers zone.
Goals for this period are 2 for Palm Springs Eager vs 1 for Checkers.
Shots for this period are 19 for Palm Springs Eager vs 14 for Checkers.

2nd period


0:01 of 2nd period - Vinni Lettieri wins face-off versus Jonathan Toews in neutral zone.
0:01 of 2nd period - Vinni Lettieri is hit by Jonathan Toews.
0:11 of 2nd period - Shot by Steven Lorentz.
0:11 of 2nd period - Stopped by Jake Kielly with a rebound.
0:13 of 2nd period - Shot by Ryan Graves.
0:13 of 2nd period - Shot Misses the Net.
0:18 of 2nd period - Ben Hutton is hit by Radko Gudas and loses puck.
0:28 of 2nd period - Icing by Radko Gudas.
0:29 of 2nd period - Mike Hardman wins face-off versus Vinni Lettieri in Palm Springs Eager zone.
0:47 of 2nd period - Shot by Saku Maenalanen.
0:47 of 2nd period - Shot Misses the Net.
0:53 of 2nd period - Shot by Miles Wood.
0:53 of 2nd period - Shot Misses the Net.
0:55 of 2nd period - Shot by Max Crozier.
0:55 of 2nd period - Stopped by Joseph Woll without a rebound.
0:56 of 2nd period - Andy Andreoff wins face-off versus Jonathan Toews in Palm Springs Eager zone.
1:11 of 2nd period - Shot by Rocco Grimaldi.
1:11 of 2nd period - Shot Misses the Net.
1:33 of 2nd period - Shot by Riley Barber.
1:33 of 2nd period - Stopped by Joseph Woll with a rebound.
1:35 of 2nd period - Shot by Brett Sutter.
1:35 of 2nd period - Shot Blocked by Ryan Graves.
1:37 of 2nd period - Shot by Troy Stecher.
1:37 of 2nd period - Shot Misses the Net.
2:26 of 2nd period - Lias Andersson is hit by Jaynen Rissling and loses puck.
2:30 of 2nd period - Icing by Max Crozier.
2:31 of 2nd period - Mike Hardman wins face-off versus Vinni Lettieri in Checkers zone.
2:31 of 2nd period - Saku Maenalanen is hit by Max Crozier and loses puck.
2:41 of 2nd period - Nico Sturm is hit by Jaynen Rissling and loses puck.
3:04 of 2nd period - Shot by Saku Maenalanen.
3:04 of 2nd period - Shot Misses the Net.
3:06 of 2nd period - Shot by Nico Sturm.
3:06 of 2nd period - Stopped by Jake Kielly with a rebound.
3:48 of 2nd period - Shot by Nikita Nesterenko.
3:48 of 2nd period - Shot Blocked by Troy Stecher.
4:07 of 2nd period - Icing by Riley Barber.
4:08 of 2nd period - Jonathan Toews wins face-off versus Andy Andreoff in Checkers zone.
4:21 of 2nd period - Gavin Bayreuther is hit by Andy Andreoff and loses puck.
5:01 of 2nd period - Scott Mayfield is hit by Reese Johnson and loses puck.
5:22 of 2nd period - Shot by Lias Andersson.
5:22 of 2nd period - Shot Hit the Post.
5:53 of 2nd period - Shot by Nico Sturm.
5:53 of 2nd period - Shot Misses the Net.
5:55 of 2nd period - Shot by Ryan Graves.
5:55 of 2nd period - Goal by Ryan Graves - Palm Springs Eager : 3 - Checkers : 1.
5:56 of 2nd period - Andy Andreoff wins face-off versus Riley Duran in neutral zone.
6:22 of 2nd period - Shot by Andy Andreoff.
6:22 of 2nd period - Shot Misses the Net.
6:24 of 2nd period - Shot by Riley Barber.
6:24 of 2nd period - Stopped by Joseph Woll without a rebound.
6:25 of 2nd period - Reese Johnson wins face-off versus Steven Lorentz in Palm Springs Eager zone.
6:25 of 2nd period - Max Crozier is hit by Radko Gudas and loses puck.
6:38 of 2nd period - Shot by Jonathan Toews.
6:38 of 2nd period - Shot Misses the Net.
6:40 of 2nd period - Shot by Jonathan Toews.
6:40 of 2nd period - Stopped by Jake Kielly without a rebound.
6:41 of 2nd period - Vinni Lettieri wins face-off versus Mike Hardman in Checkers zone.
6:57 of 2nd period - Saku Maenalanen is hit by Jaynen Rissling and loses puck.
7:07 of 2nd period - Miles Wood is hit by Scott Mayfield and loses puck.
7:25 of 2nd period - Minor Penalty to Vili Saarijarvi for Interference.
7:26 of 2nd period - Andy Andreoff wins face-off versus Jonathan Toews in Palm Springs Eager zone.
7:27 of 2nd period - Shot by Brett Sutter.
7:27 of 2nd period - Stopped by Joseph Woll with a rebound.
7:29 of 2nd period - Shot by Andy Andreoff.
7:29 of 2nd period - Shot Blocked by Ryan Graves.
9:16 of 2nd period - Off-side.
9:17 of 2nd period - Jonathan Toews wins face-off versus Andy Andreoff in neutral zone.
9:25 of 2nd period - Off-side.
9:26 of 2nd period - Reese Johnson wins face-off versus Lias Andersson in neutral zone.
9:38 of 2nd period - Lias Andersson is hit by Reese Johnson and loses puck.
9:54 of 2nd period - Scott Reedy is hit by Michael Vukojevic and loses puck.
10:00 of 2nd period - Dmitry Ovchinnikov is hit by Michael Vukojevic and loses puck.
10:31 of 2nd period - Nikita Nesterenko is hit by Michael Vukojevic and loses puck.
10:41 of 2nd period - Nikita Nesterenko is hit by Michael Vukojevic and loses puck.
10:45 of 2nd period - Riley Duran is hit by Michael Vukojevic and loses puck.
11:15 of 2nd period - Shot by Steven Lorentz.
11:15 of 2nd period - Stopped by Jake Kielly without a rebound.
11:16 of 2nd period - Mike Hardman wins face-off versus Vinni Lettieri in Checkers zone.
11:17 of 2nd period - Shot by Saku Maenalanen.
11:17 of 2nd period - Shot Misses the Net.
11:25 of 2nd period - Minor Penalty to Radko Gudas for Slashing.
11:26 of 2nd period - Steven Lorentz wins face-off versus Vinni Lettieri in Palm Springs Eager zone.
11:41 of 2nd period - Shot by Joshua Ho-Sang.
11:41 of 2nd period - Shot Misses the Net.
11:43 of 2nd period - Shot by Vinni Lettieri.
11:43 of 2nd period - Stopped by Joseph Woll with a rebound.
11:45 of 2nd period - Shot by Miles Wood.
11:45 of 2nd period - Stopped by Joseph Woll without a rebound.
11:46 of 2nd period - Jonathan Toews wins face-off versus Andy Andreoff in Palm Springs Eager zone.
12:02 of 2nd period - Shot by Riley Barber.
12:02 of 2nd period - Stopped by Joseph Woll with a rebound.
12:04 of 2nd period - Shot by Andy Andreoff.
12:04 of 2nd period - Shot Blocked by Jonathan Toews.
12:06 of 2nd period - Shot by Andy Andreoff.
12:06 of 2nd period - Stopped by Joseph Woll without a rebound.
12:07 of 2nd period - Jonathan Toews wins face-off versus Vinni Lettieri in Palm Springs Eager zone.
12:13 of 2nd period - Icing by Troy Stecher.
12:14 of 2nd period - Vinni Lettieri wins face-off versus Jonathan Toews in Checkers zone.
12:40 of 2nd period - Shot by Vinni Lettieri.
12:40 of 2nd period - Shot Misses the Net.
12:42 of 2nd period - Shot by Troy Stecher.
12:42 of 2nd period - Shot Misses the Net.
12:44 of 2nd period - Shot by Ben Hutton.
12:44 of 2nd period - Stopped by Joseph Woll without a rebound.
12:45 of 2nd period - Jonathan Toews wins face-off versus Andy Andreoff in Palm Springs Eager zone.
12:45 of 2nd period - Jonathan Toews is hit by Andy Andreoff.
13:06 of 2nd period - Shot by Max Crozier.
13:06 of 2nd period - Stopped by Joseph Woll with a rebound.
13:12 of 2nd period - Shot by Riley Barber.
13:12 of 2nd period - Stopped by Joseph Woll with a rebound.
13:14 of 2nd period - Shot by Brett Sutter.
13:14 of 2nd period - Deflect By Riley Barber.
13:14 of 2nd period - Shot Blocked by Ryan Graves.
13:16 of 2nd period - Shot by Riley Barber.
13:16 of 2nd period - Shot Misses the Net.
13:18 of 2nd period - Shot by Brett Sutter.
13:18 of 2nd period - Stopped by Joseph Woll with a rebound.
13:20 of 2nd period - Shot by Riley Barber.
13:20 of 2nd period - Stopped by Joseph Woll without a rebound.
13:21 of 2nd period - Vinni Lettieri wins face-off versus Rocco Grimaldi in Palm Springs Eager zone.
13:34 of 2nd period - Shot by Joshua Ho-Sang.
13:34 of 2nd period - Shot Misses the Net.
14:00 of 2nd period - Shot by Lias Andersson.
14:00 of 2nd period - Shot Misses the Net.
14:02 of 2nd period - Shot by Scott Reedy.
14:02 of 2nd period - Stopped by Jake Kielly without a rebound.
14:03 of 2nd period - Mike Hardman wins face-off versus Andy Andreoff in Checkers zone.
15:31 of 2nd period - Shot by Steven Lorentz.
15:31 of 2nd period - Deflect By Jonathan Toews.
15:31 of 2nd period - Shot Blocked by Demetrios Koumontzis.
15:47 of 2nd period - Icing by Dmitry Ovchinnikov.
15:48 of 2nd period - Vinni Lettieri wins face-off versus Lias Andersson in Palm Springs Eager zone.
15:53 of 2nd period - Shot by Joshua Ho-Sang.
15:53 of 2nd period - Stopped by Joseph Woll without a rebound.
15:54 of 2nd period - Riley Duran wins face-off versus Vinni Lettieri in Palm Springs Eager zone.
15:54 of 2nd period - Riley Duran is hit by Miles Wood.
16:32 of 2nd period - Shot by Joshua Ho-Sang.
16:32 of 2nd period - Shot Blocked by Colin Miller.
16:34 of 2nd period - Shot by Joshua Ho-Sang.
16:34 of 2nd period - Stopped by Joseph Woll without a rebound.
16:35 of 2nd period - Reese Johnson wins face-off versus Jonathan Toews in Palm Springs Eager zone.
16:41 of 2nd period - Icing by Radko Gudas.
16:42 of 2nd period - Jackson Blake wins face-off versus Jonathan Toews in Palm Springs Eager zone.
17:00 of 2nd period - Shot by Rocco Grimaldi.
17:00 of 2nd period - Goal by Rocco Grimaldi - Palm Springs Eager : 4 - Checkers : 1.
17:01 of 2nd period - Mike Hardman wins face-off versus Aarne Talvitie in neutral zone.
17:12 of 2nd period - Shot by Aarne Talvitie.
17:12 of 2nd period - Stopped by Joseph Woll with a rebound.
17:14 of 2nd period - Shot by Aarne Talvitie.
17:14 of 2nd period - Shot Misses the Net.
17:19 of 2nd period - Minor Penalty to Vinni Lettieri for Interference.
17:20 of 2nd period - Aarne Talvitie wins face-off versus Jonathan Toews in Checkers zone.
17:20 of 2nd period - Aarne Talvitie is hit by Jonathan Toews.
17:30 of 2nd period - Troy Stecher is hit by Steven Lorentz and loses puck.
17:49 of 2nd period - Shot by Steven Lorentz.
17:49 of 2nd period - Shot Misses the Net.
17:51 of 2nd period - Shot by Gavin Bayreuther.
17:51 of 2nd period - Stopped by Jake Kielly without a rebound.
17:52 of 2nd period - Andy Andreoff wins face-off versus Rocco Grimaldi in Checkers zone.
18:11 of 2nd period - Shot by Saku Maenalanen.
18:11 of 2nd period - Stopped by Jake Kielly without a rebound.
18:12 of 2nd period - Jonathan Toews wins face-off versus Andy Andreoff in Checkers zone.
18:43 of 2nd period - Shot by Jonathan Toews.
18:43 of 2nd period - Shot Blocked by Max Crozier.
19:47 of 2nd period - Shot by Reese Johnson.
19:47 of 2nd period - Stopped by Joseph Woll with a rebound.
19:54 of 2nd period - Off-side.
19:55 of 2nd period - Riley Duran wins face-off versus Aarne Talvitie in neutral zone.
Goals for this period are 2 for Palm Springs Eager vs 0 for Checkers.
Shots for this period are 9 for Palm Springs Eager vs 17 for Checkers.

3rd period


0:01 of 3rd period - Jonathan Toews wins face-off versus Vinni Lettieri in neutral zone.
0:04 of 3rd period - Shot by Rocco Grimaldi.
0:04 of 3rd period - Goal by Rocco Grimaldi - Palm Springs Eager : 5 - Checkers : 1.
0:05 of 3rd period - Jonathan Toews wins face-off versus Vinni Lettieri in neutral zone.
0:12 of 3rd period - Shot by Jonathan Toews.
0:12 of 3rd period - Stopped by Jake Kielly without a rebound.
0:13 of 3rd period - Vinni Lettieri wins face-off versus Jonathan Toews in Checkers zone.
0:22 of 3rd period - Shot by Joshua Ho-Sang.
0:22 of 3rd period - Stopped by Joseph Woll without a rebound.
0:23 of 3rd period - Andy Andreoff wins face-off versus Mike Hardman in Palm Springs Eager zone.
0:30 of 3rd period - Shot by Andy Andreoff.
0:30 of 3rd period - Stopped by Joseph Woll with a rebound.
0:32 of 3rd period - Shot by Riley Barber.
0:32 of 3rd period - Stopped by Joseph Woll without a rebound.
0:33 of 3rd period - Vinni Lettieri wins face-off versus Jonathan Toews in Palm Springs Eager zone.
0:33 of 3rd period - Vinni Lettieri is hit by Ryan Graves.
0:41 of 3rd period - Shot by Rocco Grimaldi.
0:41 of 3rd period - Stopped by Jake Kielly without a rebound.
0:42 of 3rd period - Brett Sutter wins face-off versus Jonathan Toews in Checkers zone.
1:44 of 3rd period - Shot by Saku Maenalanen.
1:44 of 3rd period - Shot Misses the Net.
2:22 of 3rd period - Shot by Vinni Lettieri.
2:22 of 3rd period - Shot Blocked by Lias Andersson.
2:30 of 3rd period - Shot by Scott Reedy.
2:30 of 3rd period - Stopped by Jake Kielly without a rebound.
2:31 of 3rd period - Reese Johnson wins face-off versus Riley Duran in Checkers zone.
2:31 of 3rd period - Reese Johnson is hit by Nikita Nesterenko.
2:37 of 3rd period - Reese Johnson is hit by Scott Mayfield and loses puck.
2:42 of 3rd period - Shot by Alexander Campbell.
2:42 of 3rd period - Stopped by Jake Kielly without a rebound.
2:43 of 3rd period - Lias Andersson wins face-off versus Vinni Lettieri in Checkers zone.
2:53 of 3rd period - Lias Andersson is hit by Michael Vukojevic and loses puck.
3:16 of 3rd period - Shot by Scott Reedy.
3:16 of 3rd period - Stopped by Jake Kielly with a rebound.
3:22 of 3rd period - Shot by Scott Reedy.
3:22 of 3rd period - Shot Hit the Post.
3:24 of 3rd period - Shot by Ryan Graves.
3:24 of 3rd period - Shot Misses the Net.
3:49 of 3rd period - Jonathan Toews is hit by Jackson Blake and loses puck.
4:00 of 3rd period - Shot by Richards Bukarts.
4:00 of 3rd period - Deflect By Reese Johnson.
4:00 of 3rd period - Shot Misses the Net.
4:02 of 3rd period - Shot by Jaynen Rissling.
4:02 of 3rd period - Shot Misses the Net.
4:47 of 3rd period - Riley Barber is hit by Scott Mayfield and loses puck.
5:04 of 3rd period - Icing by Riley Barber.
5:05 of 3rd period - Andy Andreoff wins face-off versus Lias Andersson in Checkers zone.
5:27 of 3rd period - Icing by Colin Miller.
5:28 of 3rd period - Vinni Lettieri wins face-off versus Lias Andersson in Palm Springs Eager zone.
5:35 of 3rd period - Shot by Miles Wood.
5:35 of 3rd period - Stopped by Joseph Woll without a rebound.
5:36 of 3rd period - Saku Maenalanen wins face-off versus Vinni Lettieri in Palm Springs Eager zone.
5:57 of 3rd period - Shot by Saku Maenalanen.
5:57 of 3rd period - Stopped by Jake Kielly with a rebound.
6:20 of 3rd period - Icing by Scott Mayfield.
6:21 of 3rd period - Mike Hardman wins face-off versus Reese Johnson in Palm Springs Eager zone.
6:21 of 3rd period - Mike Hardman is hit by Jackson Blake.
6:45 of 3rd period - Double Minor Penalty to Jonathan Toews for Roughing.
6:46 of 3rd period - Andy Andreoff wins face-off versus Rocco Grimaldi in Palm Springs Eager zone.
6:47 of 3rd period - Shot by Riley Barber.
6:47 of 3rd period - Stopped by Joseph Woll with a rebound.
6:49 of 3rd period - Shot by Andy Andreoff.
6:49 of 3rd period - Shot Misses the Net.
6:51 of 3rd period - Shot by Andy Andreoff.
6:51 of 3rd period - Shot Blocked by Rocco Grimaldi.
6:53 of 3rd period - Shot by Riley Barber.
6:53 of 3rd period - Shot Misses the Net.
7:01 of 3rd period - Shot by Max Crozier.
7:01 of 3rd period - Stopped by Joseph Woll without a rebound.
7:02 of 3rd period - Vinni Lettieri wins face-off versus Saku Maenalanen in Palm Springs Eager zone.
8:50 of 3rd period - Steven Lorentz is hit by Miles Wood.
9:19 of 3rd period - Off-side.
9:20 of 3rd period - Andy Andreoff wins face-off versus Saku Maenalanen in neutral zone.
9:28 of 3rd period - Icing by Andy Andreoff.
9:29 of 3rd period - Saku Maenalanen wins face-off versus Andy Andreoff in Checkers zone.
10:16 of 3rd period - Shot by Miles Wood.
10:16 of 3rd period - Shot Misses the Net.
10:18 of 3rd period - Shot by Jaynen Rissling.
10:18 of 3rd period - Shot Misses the Net.
10:34 of 3rd period - Mike Hardman is hit by Miles Wood and loses puck.
10:58 of 3rd period - Icing by Vili Saarijarvi.
10:59 of 3rd period - Reese Johnson wins face-off versus Riley Duran in Palm Springs Eager zone.
12:58 of 3rd period - Shot by Andy Andreoff.
12:58 of 3rd period - Shot Misses the Net.
13:00 of 3rd period - Shot by Andy Andreoff.
13:00 of 3rd period - Shot Blocked by Gavin Bayreuther.
13:02 of 3rd period - Shot by Riley Barber.
13:02 of 3rd period - Stopped by Joseph Woll without a rebound.
13:03 of 3rd period - Mike Hardman wins face-off versus Aarne Talvitie in Palm Springs Eager zone.
13:23 of 3rd period - Off-side.
13:24 of 3rd period - Riley Duran wins face-off versus Andy Andreoff in neutral zone.
13:33 of 3rd period - Alexander Campbell is hit by Brett Sutter and loses puck.
13:44 of 3rd period - Shot by Nikita Nesterenko.
13:44 of 3rd period - Shot Misses the Net.
13:50 of 3rd period - Colin Miller is hit by Riley Barber and loses puck.
14:22 of 3rd period - Joshua Ho-Sang is hit by Colin Miller and loses puck.
14:28 of 3rd period - Miles Wood is hit by Ryan Graves and loses puck.
14:36 of 3rd period - Riley Duran is hit by Miles Wood and loses puck.
14:42 of 3rd period - Jaynen Rissling is hit by Colin Miller and loses puck.
15:10 of 3rd period - Aarne Talvitie is hit by Jonathan Toews and loses puck.
15:28 of 3rd period - Minor Penalty to Rocco Grimaldi for High sticking.
15:29 of 3rd period - Jonathan Toews wins face-off versus Andy Andreoff in Palm Springs Eager zone.
15:50 of 3rd period - Shot by Riley Barber.
15:50 of 3rd period - Goal by Riley Barber - Palm Springs Eager : 5 - Checkers : 2.
15:51 of 3rd period - Reese Johnson wins face-off versus Mike Hardman in neutral zone.
15:54 of 3rd period - Shot by Jackson Blake.
15:54 of 3rd period - Shot Misses the Net.
15:56 of 3rd period - Shot by Michael Vukojevic.
15:56 of 3rd period - Goal by Michael Vukojevic - Palm Springs Eager : 5 - Checkers : 3.
15:57 of 3rd period - Vinni Lettieri wins face-off versus Mike Hardman in neutral zone.
16:05 of 3rd period - Shot by Nico Sturm.
16:05 of 3rd period - Stopped by Jake Kielly without a rebound.
16:05 of 3rd period - Minor Penalty to Michael Vukojevic for Delaying the game.
16:06 of 3rd period - Jonathan Toews wins face-off versus Vinni Lettieri in Checkers zone.
16:40 of 3rd period - Minor Penalty to Steven Lorentz for Hooking.
16:41 of 3rd period - Jonathan Toews wins face-off versus Vinni Lettieri in Palm Springs Eager zone.
17:03 of 3rd period - Icing by Jaynen Rissling.
17:04 of 3rd period - Jonathan Toews wins face-off versus Vinni Lettieri in Checkers zone.
17:45 of 3rd period - Shot by Riley Barber.
17:45 of 3rd period - Shot Misses the Net.
17:47 of 3rd period - Shot by Ben Hutton.
17:47 of 3rd period - Stopped by Joseph Woll with a rebound.
17:49 of 3rd period - Shot by Troy Stecher.
17:49 of 3rd period - Shot Blocked by Gavin Bayreuther.
17:51 of 3rd period - Shot by Riley Barber.
17:51 of 3rd period - Shot Blocked by Radko Gudas.
17:53 of 3rd period - Shot by Riley Barber.
17:53 of 3rd period - Stopped by Joseph Woll without a rebound.
17:54 of 3rd period - Mike Hardman wins face-off versus Vinni Lettieri in Palm Springs Eager zone.
18:29 of 3rd period - Shot by Riley Barber.
18:29 of 3rd period - Shot Misses the Net.
18:31 of 3rd period - Shot by Ben Hutton.
18:31 of 3rd period - Stopped by Joseph Woll without a rebound.
18:32 of 3rd period - Vinni Lettieri wins face-off versus Saku Maenalanen in Palm Springs Eager zone.
18:43 of 3rd period - Vili Saarijarvi is hit by Reese Johnson and loses puck.
19:19 of 3rd period - Michael Vukojevic is hit by Scott Reedy and loses puck.
19:35 of 3rd period - Off-side.
19:36 of 3rd period - Jonathan Toews wins face-off versus Andy Andreoff in neutral zone.
Goals for this period are 1 for Palm Springs Eager vs 2 for Checkers.
Shots for this period are 8 for Palm Springs Eager vs 12 for Checkers.